 Dungeon Crawl Stone Soup version 0.16-a0-139-gc9fe9b1 (webtiles) character file.

490 Ratboiler the Cudgeler (level 6, -4/59 HPs)
             Began as a Troll Artificer on Aug 14, 2014.
             Slain by a sky beast (6 damage)
             ... on Level 5 of the Dungeon.
             The game lasted 00:14:42 (3123 turns).

Ratboiler the Cudgeler (Troll Artificer)            Turns: 3123, Time: 00:14:43

HP  -4/59        AC  5     Str 22      XL: 6   Next: 90%
MP  15/15        EV 10     Int  8      God:
Gold 287         SH  0     Dex 12      Spells:  0 memorised,  5 levels left

rFire  . . .     SeeInvis .     z - +0 giant club
rCold  . . .     Clarity  +     e - +0 robe
rNeg   . . .     rCorr    .     (shield restricted)
rPois  .         rRot     .     (helmet restricted)
rElec  .         Spirit   .     (no cloak)
SustAb .         Warding  .     (gloves unavailable)
rMut   .         Stasis   .     (boots unavailable)
Gourm  +                        s - amulet of clarity
MR     .....                    C - +2 ring of strength
                                j - ring of magical power

@: not resistant to hostile enchantments, very unstealthy
A: unfitting armour, claws 3, fast metabolism 3, gourmand, regeneration 2,
saprovore 2, shaggy fur 1, tough skin 2
a: no special abilities


You were on level 5 of the Dungeon.
You were very full.

You visited 1 branch of the dungeon, and saw 5 of its levels.

You collected 287 gold pieces.

Inventory:

Hand weapons
 i - a +0 club
 o - a +0 whip
 z - a +0 giant club (weapon)
Missiles
 h - 7 javelins (quivered)
 t - 8 tomahawks
Armour
 e - a +0 robe (worn)
Magical devices
 b - a wand of flame (7)
 c - a wand of enslavement (13)
 d - a wand of random effects (4)
 y - a wand of cold (7)
Comestibles
 a - 4 meat rations
 l - 5 fruits
 u - 4 bread rations
 E - 5 rotting chunks of orc flesh
 G - a rotting chunk of rat flesh
Scrolls
 f - a scroll of blinking {unknown}
 g - 3 scrolls of teleportation {unknown}
 k - a scroll of magic mapping {unknown}
 n - 4 scrolls of remove curse {unknown}
 q - 5 scrolls of identify {unknown}
 v - 2 scrolls of enchant armour {unknown}
 x - a scroll of enchant weapon {unknown}
Jewellery
 j - a ring of magical power (left claw)
 s - an amulet of clarity (around neck)
 C - a +2 ring of strength (right claw)
Potions
 m - 2 potions of brilliance {unknown}
 p - a potion of lignification {unknown}
 r - a potion of heal wounds {unknown}
 w - a potion of restore abilities {unknown}
 A - a potion of poison {unknown}
 B - a potion of curing {unknown}
 D - a potion of degeneration {unknown}


   Skills:
 + Level 2.7 Fighting
 * Level 4.0 Maces & Flails
 + Level 3.1 Dodging
 - Level 0.4 Stealth
 - Level 1.0 Unarmed Combat
 + Level 3.2 Evocations


You had 5 spell levels left.
You didn't know any spells.

Dungeon Overview and Level Annotations

Branches:
Dungeon (5/15)
 Temple: D:4-7

Altars:

Shops:
D:5 ?


Innate Abilities, Weirdness & Mutations

You are too large for most types of armour.
You have claws for hands.
Your metabolism is lightning-fast.
You like to eat raw meat.
You heal very quickly.
You can eat rotten meat.
You are covered in fur (AC +1).
You have very tough skin (AC +2).


Message History

The sky beast flickers out of sight!
Deactivating autopickup; reactivate with Ctrl-A.
Something hits you. Something shocks you.
Something in your inventory has become rotten. (slot G)
You miss something. Something hits you but does no damage.
You miss something. Something hits you. Something shocks you.
Something hits you. Something shocks you.
* * * LOW HITPOINT WARNING * * *
You closely miss something. Something hits you.
* * * LOW HITPOINT WARNING * * *
Something shocks you.
* * * LOW HITPOINT WARNING * * *
You miss something. Something hits you.
* * * LOW HITPOINT WARNING * * *
Something shocks you.
* * * LOW HITPOINT WARNING * * *
Something hits you.
* * * LOW HITPOINT WARNING * * *
Something shocks you.
You die...

#.. . #.#.# ...
#.#.# #... #...#
#.... #.∩.#
#.#.#######...###
...........#?..#
#.#....##.....#
#........@....#
###.##.###....#
#.##.# #.###
#.##.# ..) #.##.#
### #.##.. #.####
#.# #.########


There were no monsters in sight!

Vanquished Creatures
  2 ogres (D:4)
  3 orc priests (D:4)
  2 iguanas (D:4)
  An orc wizard (D:4)
  5 adders
  2 worms
  2 giant geckos
  9 orcs
  2 giant cockroaches
  12 hobgoblins
  3 jackals (D:2)
  A quokka (D:3)
  A ball python (D:1)
  16 bats
  A giant gecko skeleton (D:4)
  3 giant newts
  A giant newt skeleton (D:4)
  12 goblins
  13 kobolds
  11 rats
102 creatures vanquished.

Notes
Turn   | Place    | Note
--------------------------------------------------------------
     0 | D:1      | Ratboiler, the Troll Artificer, began the quest for the Orb.
     0 | D:1      | Reached XP level 1. HP: 18/18 MP: 1/1
   107 | D:1      | Reached skill level 1 in Fighting
   301 | D:1      | Reached skill level 1 in Maces & Flails
   301 | D:1      | Reached XP level 2. HP: 9/27 MP: 1/1
  1003 | D:2      | Reached XP level 3. HP: 31/33 MP: 3/3
  1340 | D:2      | Reached XP level 4. HP: 9/41 MP: 3/3
  2212 | D:4      | Noticed an ogre
  2218 | D:4      | Killed an ogre
  2218 | D:4      | Reached skill level 3 in Maces & Flails
  2218 | D:4      | Reached XP level 5. HP: 47/49 MP: 4/4
  2305 | D:4      | Noticed an ogre
  2309 | D:4      | Killed an ogre
  2309 | D:4      | Reached XP level 6. HP: 57/57 MP: 5/5
  2898 | D:4      | Reached skill level 4 in Maces & Flails
  3084 | D:5      | Entered Level 5 of the Dungeon
  3107 | D:5      | Found Schymp's Magic Scroll Emporium.
  3123 | D:5      | HP: 2/59 [something (4)]
  3123 | D:5      | Slain by a sky beast

Action                   |  1- 3 |  4- 6 || total
-------------------------+-------+-------++-------
Melee: Club              |    65 |       ||    65
       Unarmed           |     5 |       ||     5
       Whip              |   154 |   183 ||   337
       Giant club        |       |   106 ||   106
Evoke: Wand              |    19 |     4 ||    23
  Eat: Chunk             |    18 |    17 ||    35
